AoeStats
← FoldedAunt23528

Four Lakes

510044426Analyzed
1v1 RM · 2d ago on Sep 29, 2026· 45m 28s· 2 players
Game mode
Random Map
Map size
Tiny (2 player)
Population
200
Speed
Normal
Resources
Standard
Victory
Conquest
Starting age
Dark Age
Ending age
Imperial Age
RankedLock teamsTeams togetherTeam positionsShared explorationLock speedFull tech treeHidden civsTurbo modeCheats
Victory
Defeat
🇯🇵 Spanish · Japan
1156
+20
🇦🇺 Saracens · Australia
1251
-20
FoldedAunt23528
8:14 Loom
10:34 Feudal Age
12:09 Double-Bit Axe
16:36 Castle Age
15:24 Fletching
18:44 Bow Saw
19:16 Fishing Lines
20:29 Horse Collar
22:59 Bodkin Arrow
22:56 Elite Skirmisher
23:44 Gold Mining
24:55 Gillnets
27:07 Wheelbarrow
27:35 Thumb Ring
27:28 Town Watch
29:47 Heavy Plow
30:07 Stone Mining
31:57 Scale Barding Armor
31:52 Padded Archer Armor
35:05 Imperial Age
33:36 Ballistics
34:16 Leather Archer Armor
34:21 Chain Barding Armor
37:01 Chemistry
35:27 Elite Conquistador
36:15 Bracer
37:05 Plate Barding Armor
38:20 Ring Archer Armor
41:08 Hand Cart
40:54 Town Patrol
41:11 Cavalier
41:52 Husbandry
42:02 Bloodlines
42:06 Forging
43:33 Paladin
46:26 Iron Casting
maxxroo1
6:51 Loom
9:47 Feudal Age
10:27 Double-Bit Axe
10:23 Horse Collar
12:24 Padded Archer Armor
13:42 Fletching
18:27 Wheelbarrow
21:22 Castle Age
21:00 Gold Mining
21:01 Stone Mining
22:11 Bodkin Arrow
21:39 Crossbowman
33:37 Imperial Age
31:56 Husbandry
32:07 Bloodlines
32:44 Leather Archer Armor
33:36 Ballistics
33:27 Masonry
33:35 Scale Barding Armor
34:40 Town Watch
37:08 Ring Archer Armor
36:41 Heavy Camel Rider
38:09 Elite Skirmisher
39:06 Arbalester
41:18 Bracer
41:48 Conscription
42:23 Thumb Ring
43:22 Chemistry
43:42 Chain Barding Armor
44:00 Forging
Connection lost

Rejoining the realm…

Still unreachable

The connection could not be restored.

Session expired

The server has moved on; the page needs a fresh start.